 Dungeon Crawl Stone Soup version 0.30.0-11-gf55b779eaf (webtiles) character file.

Game seed: 12973485586130795600

1939 hawla the Thaumaturge (level 8, -2/64 HPs)
             Began as a Deep Elf Fire Elementalist on May 17, 2023.
             Was an Initiate of Vehumet.
             Succumbed to a gnoll sergeant's poison
             ... on level 7 of the Dungeon.
             The game lasted 00:16:49 (6566 turns).

hawla the Thaumaturge (Deep Elf Fire Elementalist)  Turns: 6566, Time: 00:16:50

Health: -2/64      AC: 24    Str:  5    XL:     8   Next: 97%
Magic:  16/23      EV:  2    Int: 29    God:    Vehumet [......]
Gold:   279        SH:  0    Dex: 15    Spells: 19/26 levels left

rFire   . . .        u - +1 short sword (flame)
rCold   . . .        (no shield)
rNeg    . . .        a - melded +1 robe
rPois   +            l - melded +2 helmet
rElec   .            (cloak currently unavailable)
rCorr   .            (gloves currently unavailable)
SInv    .            D - melded +0 pair of boots
Will    .....        (no amulet)
Stlth   +++          v - +6 ring of intelligence
HPRegen 0.30/turn    p - ring of wizardry
MPRegen 0.18/turn

%: wizardry (x1)
@: lethally poisoned (-2 -> -18), tree-form
A: stationary, stasis, torment immunity, boosted hp
a: Renounce Religion


You were on level 7 of the Dungeon.
You worshipped Vehumet.
Vehumet was noncommittal.
You were a tree.
You visited 2 branches of the dungeon, and saw 8 of its levels.

You collected 437 gold pieces.
You spent 158 gold pieces at shops.

Inventory:

Hand Weapons
 u - a +1 short sword of flaming (weapon)
Missiles
 i - 3 datura-tipped darts
 o - 2 throwing nets
 q - 4 poisoned darts (quivered)
Armour
 a - a +1 robe (melded)
 l - a +2 helmet (melded)
 D - a +0 pair of boots (melded)
Jewellery
 p - a ring of wizardry (right branch)
 r - a ring of fire
 v - a +6 ring of intelligence (left branch)
 B - a +5 ring of evasion
 C - a ring of protection from fire
Wands
 j - a wand of roots (11)
 x - a wand of flame (20)
Scrolls
 d - 5 scrolls of teleportation
 h - 3 scrolls of amnesia
 w - 2 scrolls of noise {unknown}
 y - 5 scrolls of identify
 A - a scroll of enchant weapon {unknown}
 F - a scroll of enchant armour
 G - a scroll of vulnerability {unknown}
Potions
 b - a potion of magic
 e - 3 potions of might
 f - 3 potions of flight
 g - 2 potions of brilliance {unknown}
 k - 3 potions of curing {unknown}
 m - 4 potions of heal wounds {unknown}
 n - a potion of ambrosia {unknown}
 s - a potion of attraction {unknown}
 t - 2 potions of haste {unknown}
 z - a potion of mutation {unknown}
 E - 2 potions of resistance {unknown}


   Skills:
 + Level 1.4 Fighting
 + Level 0.6 Short Blades
 + Level 4.2 Dodging
 + Level 3.8 Stealth
 + Level 9.6 Spellcasting
 + Level 4.2 Conjurations
 + Level 8.5 Fire Magic


You had 19 spell levels left.
You knew the following spells:

 Your Spells              Type           Power      Damage    Failure   Level
a - Foxfire               Conj/Fire      100%       2x1d9     1%          1
b - Scorch                Fire           100%       2d9       1%          2
c - Flame Wave            Conj/Fire      50%        2d12      1%          4

Your spell library contained the following spells:

 Spells                   Type           Power      Damage    Failure   Level
 Ignite Poison            Fire/Tmut/Pois 30%        N/A       1%          3
 Inner Flame              Hex/Fire       38%        N/A       1%          3
 Volatile Blastmotes      Fire/Tloc      76%        2d16      1%          3
 Cigotuvi's Dreadful Rot  Necr/Pois/Air  28%        N/A       2%          2
 Manifold Assault         Tloc           14%        N/A       16%         4
 Freezing Cloud           Conj/Ice/Air   11%        6-21      24%         5
 Dispersal                Tloc           7%         N/A       90%         6
 Disjunction              Tloc           7%         N/A       100%        8


Dungeon Overview and Level Annotations

Branches:
Dungeon (7/15)             Temple (1/1) D:7

Altars:
Ashenzari
Cheibriados
Dithmenos
Elyvilon
Fedhas
Gozag
Hepliaklqana
Kikubaaqudgha
Makhleb
Nemelex Xobeh
Qazlal
Ru
Sif Muna
Trog
Uskayaw
Vehumet
Wu Jian
Xom
Yredelemnul
Zin
The Shining One

Shops:
D:1 *


Message History

You kill the gnoll!
Vehumet accepts your kill. (Press . to intensify the flame waves.)
You feel very sick.
The gnoll shouts!
The gnoll sergeant hits you with a +2 spear of venom!
You are more poisoned.
A wave of flame ripples out!
The flame wave engulfs the gnoll sergeant!
The gnoll sergeant is almost dead.
You feel very sick.
The gnoll sergeant hits you with a +2 spear of venom!
You are lethally poisoned!
Unknown command.
A wave of flame ripples out!
The flame wave engulfs the gnoll sergeant!
You kill the gnoll sergeant!
Vehumet accepts your kill.
The flame wave engulfs the gnoll!
The gnoll is severely wounded.
You finish channelling waves of flame.
* * * LOW HITPOINT WARNING * * *
You feel extremely sick.
Really quaff the potion of lignification?
You turn into a tree.
Your +2 helmet melds into your body.
Your +0 pair of boots melds into your body.
Your +1 robe melds into your body.
Your roots penetrate the ground.
* * * LOW HITPOINT WARNING * * *
You feel very sick. The gnoll hits you but does no damage.
Unknown command.
Casting: Flame Wave (dangerous; 1% risk of failure)
Confirm with . or Enter, or press ? or * to list all spells.
Flames lash the gnoll.
You kill the gnoll!
Vehumet accepts your kill.
* * * LOW HITPOINT WARNING * * *
You feel very sick.
It was a potion of flight.
Your roots keep you in place.
You die...

. ####.#.#...#... .
#.#.#...#... .
#######.#.#...#... . ##
#....##.#.#....... . ..###
#....##.#......... . .....
#....# #.#####... #
.....######....##'#.........
......#....)).......#####...
#..........♣)...... +.......
#.................. ######..
#.......###....##+# #.......
#.......# ###### #.###...
#.......# #.# #... #.......#
#.###... #.......# #.......
#.......# #####...
######.......## #.# #....<..


There were no monsters in sight!

Vanquished Creatures
  A wyvern (D:7)
  2 water moccasins (D:7)
  A sky beast (D:6)
  2 black bears
  An ogre (D:6)
  2 scorpions
  A gnoll sergeant (D:7)
  5 killer bees (D:7)
  4 hounds
  2 orc priests
  2 jellies
  4 iguanas
  5 sleepcaps
  An orc wizard (D:7)
  15 gnolls
  6 adders
  A shadow imp (D:7)
  A white imp (D:6)
  A dart slug (D:1)
  19 orcs
  10 bats
  3 endoplasms
  7 giant cockroaches
  4 goblins
  5 hobgoblins
  3 jackals (D:1)
  3 quokkas
  10 ball pythons
  2 frilled lizards
  8 kobolds
  4 rats
135 creatures vanquished.

Vanquished Creatures (collateral kills)
  A foxfire (D:3)
1 creature vanquished.

Vanquished Creatures (others)
  266 foxfires
266 creatures vanquished.

Grand Total: 402 creatures vanquished

Notes
Turn   | Place    | Note
-------+----------+-------------------------------------------
     0 | D:1      | hawla the Deep Elf Fire Elementalist began the quest for
                  | the Orb.
     0 | D:1      | Reached XP level 1. HP: 10/10 MP: 6/6
    67 | D:1      | Reached XP level 2. HP: 15/15 MP: 0/8
   215 | D:1      | Found Pitu's Assorted Antiques.
   423 | D:1      | Learned a level 2 spell: Scorch
   546 | D:1      | Reached XP level 3. HP: 19/19 MP: 7/10
  1108 | D:2      | Reached skill level 4 in Spellcasting
  1279 | D:2      | Reached XP level 4. HP: 24/24 MP: 7/12
  1982 | D:3      | Found a snail-covered altar of Cheibriados.
  2136 | D:3      | Reached skill level 5 in Spellcasting
  2136 | D:3      | Reached XP level 5. HP: 28/28 MP: 4/14
  2445 | D:1      | Bought a scroll labelled MEPPYO AHUTE for 18 gold pieces
  2445 | D:1      | Bought a purple potion for 16 gold pieces
  2445 | D:1      | Bought a fuming blue potion for 16 gold pieces
  2445 | D:1      | Bought a glowing short sword for 108 gold pieces
  2570 | D:3      | Found a faded altar of an unknown god.
  2570 | D:3      | Found a faded altar of an unknown god.
  2924 | D:4      | Found an ancient bone altar of Kikubaaqudgha.
  3422 | D:4      | Reached skill level 5 in Fire Magic
  3422 | D:4      | Reached XP level 6. HP: 30/32 MP: 11/16
  3718 | D:5      | Entered Level 5 of the Dungeon
  3961 | D:5      | Learned a level 4 spell: Flame Wave
  4305 | D:5      | Reached skill level 6 in Spellcasting
  4894 | D:6      | Reached XP level 7. HP: 15/37 MP: 13/19
  4962 | D:6      | Reached skill level 1 in Fighting
  4962 | D:6      | Reached skill level 7 in Spellcasting
  5697 | D:7      | Reached XP level 8. HP: 43/43 MP: 15/21
  5701 | D:7      | Reached skill level 8 in Spellcasting
  5868 | D:7      | Found a staircase to the Ecumenical Temple.
  5876 | Temple   | Entered the Ecumenical Temple
  5876 | Temple   | Found a transporter.
  5876 | Temple   | Found a transporter.
  5878 | Temple   | Found a transporter.
  5878 | Temple   | Found a transporter.
  5904 | Temple   | Became a worshipper of Vehumet
  6105 | D:7      | Reached skill level 9 in Spellcasting
  6565 | D:7      | HP: 2/64 [poisoned by a gnoll sergeant]
  6566 | D:7      | Succumbed to a gnoll sergeant's poison

Illustrated notes

Levels and vault maps discovered:
D:1:      lightli_arrival_farm, layout_basic, serial_shops,
          nicolae_shop_window_shopping, minmay_worlds_worst_comb
D:2:      layout_loops_cross
D:3:      layout_basic, cheibriados_altar_1,
          hellmonk_ecumenical_altar_the_god_not_taken, cheibrodos_gnoll_hut
D:4:      layout_loops_ring, kennysheep_mini_moat
D:5:      layout_loops_corners
D:6:      layout_gridville
D:7:      layout_basic, minmay_temple_entry_wispy
Temple:   hellmonk_temple_divided_pantheon

Skill      XL: |  1  2  3  4  5  6  7  8 |
---------------+-------------------------+-----
Fire Magic     | 4 5 6 7 8 |  8.5
Spellcasting   | 4 5 6 7 9 |  9.6
Stealth        | 3 |  3.8
Conjurations   | 2 3 4 |  4.2
Dodging        | 3 4 |  4.2
Fighting       | 1 |  1.4
Short Blades   | |  0.6

Action                     |  1- 3 |  4- 6 |  7- 9 || total
---------------------------+-------+-------+-------++-------
  Melee: Unarmed           |     7 |     2 |       ||     9
         Short sword       |       |    12 |    12 ||    24
   Cast: Foxfire           |    52 |    61 |    39 ||   152
         Scorch            |     1 |    29 |    17 ||    47
         Flame Wave        |       |     5 |    11 ||    16
    Use: Scroll            |       |     9 |       ||     9
         Potion            |       |     2 |     2 ||     4
   Stab: Sleeping          |       |     1 |       ||     1
 Armour: Robe              |     1 |    11 |     9 ||    21
         Skin              |       |     5 |     4 ||     9
  Dodge: Dodged            |    12 |    33 |    28 ||    73
